 Dungeon Crawl Stone Soup version 0.20-a0-3-g334f831 (webtiles) character file.

21132 sveltemanboy the Spear-Bearer (level 12, -13/72 HPs)
             Began as a Demonspawn Gladiator on Oct 30, 2016.
             Was a Priest of Ashenzari.
             Mangled by a frost giant
             ... wielding a +1 battleaxe of freezing
              (29 damage)
             ... in an ice cave.
             The game lasted 00:38:31 (12211 turns).

sveltemanboy the Spear-Bearer (DsGl)               Turns: 12211, Time: 00:38:32

Health: -13/72     AC: 16    Str: 16      XL:     12   Next: 51%
Magic:  12/12      EV: 15    Int: 16 (17) God:    Ashenzari [***...]
Gold:   506        SH:  0    Dex: 14 (15) Spells: 4 memorised, 4 levels left

rFire  + + +     SeeInvis +     a - +6 halberd (chop) (curse)
rCold  + . .     Gourm    .     E - quicksilver dragon scales (curse)
rNeg   . . .     Faith    .     (shield currently unavailable)
rPois  +         Spirit   .     (helmet restricted)
rElec  .         Reflect  .     d - +1 cloak of Dyoggi {Int+4 SInv} (curse)
rCorr  .         Harm     .     y - +0 pair of gloves (curse)
MR     +....     Clarity  +     (boots unavailable)
Stlth  +......... Rnd*Tele +    (no amulet)
                                r - ring of poison resistance (curse)
                                w - +3 ring of protection (curse)

@: no status effects
A: horns 1, talons 3, thin metallic scales 1, clarity, cold resistance 1,
deformed body, deterioration 1, fire resistance 3, frail 1, low mp 1, powered by
pain 1, screaming 1, teleportitis 1, subdued magic 1
a: Curse Item, Scrying, Renounce Religion


You were in an ice cave.
You worshipped Ashenzari.
Ashenzari was most pleased with you.
You were near starving.

You visited 2 branches of the dungeon, and saw 13 of its levels.
You also visited: Ice Cave.

You collected 506 gold pieces.

Inventory:

Hand Weapons
 a - a cursed +6 halberd of chopping (weapon)
 F - the +9 battleaxe of Light {flame, rElec Str+2}
   (You found it in an ice cave)

   It has been specially enchanted to burn those struck by it, causing extra
   injury to most foes and up to half again as much damage against particularly
   susceptible opponents.
   Big, fiery blades are also staple armaments of hydra-hunters.
   It affects your strength (+2).
   It insulates you from electricity.
Missiles
 t - 7 javelins of returning
 z - 3 throwing nets (quivered)
Armour
 c - a +1 helmet
 d - the cursed +1 cloak of Dyoggi (worn) {Int+4 SInv}
   (You acquired it on level 7 of the Dungeon)

   It affects your intelligence (+4).
   It lets you see invisible.
   It has a curse placed upon it.
 y - a cursed +0 pair of gloves (worn)
 E - cursed quicksilver dragon scales (worn)
Jewellery
 n - an uncursed ring of positive energy
 r - a cursed ring of poison resistance (right hand)
 w - a cursed +3 ring of protection (left hand)
Wands
 g - a wand of flame (10/48)
 k - a wand of slowing (15/48)
 p - a wand of flame (27/48)
Scrolls
 e - a scroll of recharging
 j - 3 scrolls of fog
 l - a scroll of teleportation
 q - 7 scrolls of identify
 A - 4 scrolls of amnesia
 H - a scroll of remove curse
Potions
 b - 3 potions of brilliance
 h - 3 potions of ambrosia
 i - a potion of haste
 u - 6 potions of curing
 v - a potion of berserk rage
 x - a potion of heal wounds
 G - 2 potions of resistance
 I - 3 potions of flight
 J - a potion of might
Comestibles
 f - 5 bread rations
 m - 29 fruits
 o - a slice of pizza
 s - a royal jelly
 C - 3 meat rations
 D - a beef jerky


   Skills:
 - Level 3.0 Fighting
 - Level 13.0(16.4) Polearms
 - Level 1.7 Throwing
 + Level 5.6(7.5) Armour
 + Level 5.7(7.6) Dodging
 - Level 1.0 Spellcasting
 + Level 6.6(8.5) Hexes
 - Level 4.4(6.2) Charms
 + Level 10.6(12.3) Necromancy


You had 4 spell levels left.
You knew the following spells:

 Your Spells              Type           Power        Failure   Level  Hunger
a - Regeneration          Chrm/Necr      ###.......   1%          3    ####...
b - Ensorcelled Hibernat  Hex/Ice        ##....       10%         2    ###....
c - Tukima's Dance        Hex            ###.....     3%          3    ####...
d - Animate Skeleton      Necr           N/A          1%          1    ##.....


Dungeon Overview and Level Annotations

Branches:
Dungeon (12/15)            Temple (1/1) D:7            Lair (0/6) D:10
    Orc (0/2) D:11

Altars:
Ashenzari
Cheibriados
Kikubaaqudgha
Makhleb
Qazlal
Ru
Uskayaw
Vehumet
Xom
The Shining One

Shops:
D:6 }

Annotations:
IceCv exclusion: ice statue


Innate Abilities, Weirdness & Mutations

You have claws for feet.
You are partially covered in thin metallic scales. (AC +2)
Your flesh is almost immune to the effects of heat. (rF+++)
You sometimes gain a little power by taking damage.
You have a pair of small horns on your head.
You possess an exceptional clarity of mind.
Your flesh is cold resistant. (rC+)
Armour fits poorly on your strangely shaped body.
Your body sometimes deteriorates upon taking damage.
You are frail. (-10% HP)
Your magical capacity is low. (-10% MP)
You occasionally shout uncontrollably at your foes.
You are occasionally teleported next to monsters.
Your spells are a little easier to cast, but a little less powerful.


Message History

The wolf bites you! The wolf closely misses you.
You impale the frost giant!!
You claw the frost giant, but do no damage.
The frost giant is moderately wounded.
The polar bear bites you!
* * * LOW HITPOINT WARNING * * *
Your body deteriorates!
You feel clumsy.
The polar bear claws you but does no damage.
The polar bear claws you.
* * * LOW HITPOINT WARNING * * *
Your frost giant gestures at the frost giant while chanting.
The bolt of cold hits the frost giant.
The frost giant resists.
The wolf completely misses you.
You slash the polar bear! You claw the polar bear. You headbutt the polar bear.
The polar bear is heavily wounded.
The wolf barely misses you.
The polar bear bites you but does no damage.
The polar bear closely misses you. The polar bear misses you.
The frost giant hits you with a battleaxe of freezing!!
You die...

### ###.## ≈ ≈*,
, Z.####..#.# **
,,
#Z.#.Z.#..≈≈≈#* *
##..#.###≈≈≈≈#,
** ##..## #≈≈#.#
, ####≈ ≈≈≈##.. ,
*≈≈≈≈# ... { ...#
**#≈≈#...###{.Y.#
#≈≈#..##@##..Y#
≈≈#..#hCh##..#
#..#$h.)#..#
≈#....h)C#C.
#....$.##.#* *
≈#....$.#..#
#....$##..#
≈≈##..###..## ≈
#....{.##


You could see a frost giant, 2 polar bears, 2 wolves and a friendly frost giant.

Vanquished Creatures
  2 unseen horrors (D:11)
  A deep elf mage (D:12)
  3 hill giants
  An ice statue (IceCv)
  A gargoyle (D:11)
  8 polar bears (IceCv)
  A troll (D:11)
  Grinder (D:4)
  2 hippogriffs
  A wraith (D:11)
  Sigmund (D:5)
  2 wyverns
  28 yaks
  2 hungry ghosts
  4 vampire mosquitoes (D:12)
  Menkaure (D:5)
  A mottled dragon (D:11)
  2 water moccasins
  3 porcupines
  Duvessa (D:5)
  6 orc warriors
  3 necrophages
  6 sky beasts
  An ice beast (D:8)
  3 phantoms
  An eye of draining (D:9)
  5 ogres
  3 wolves (IceCv)
  9 centaurs
  2 big kobolds
  A gnoll sergeant (D:5)
  3 bullfrogs
  Dowan (D:5)
  5 scorpions
  11 wights
  13 killer bees
  4 crimson imps
  2 bullfrog zombies
  2 quasits (D:11)
  6 orc priests
  3 orc wizards
  A jelly (D:10)
  3 bullfrog skeletons
  Crazy Yiuf (D:4)
  A centaur zombie (D:5)
  4 hounds
  3 iguanas
  8 worker ants
  A killer bee zombie (D:8)
  A howler monkey zombie (D:6)
  9 gnolls
  10 adders
  A river rat (D:10)
  3 shadow imps
  6 white imps (D:12)
  3 ufetubi (D:12)
  An ooze (D:6)
  3 adder zombies
  2 worms
  5 dart slugs
  4 leopard geckos
  23 orcs
  A ball python (D:2)
  3 giant cockroaches
  7 goblins
  11 hobgoblins
  13 jackals
  2 quokkas
  7 bats
  9 frilled lizards
  8 kobolds
  A leopard gecko skeleton (D:4)
  A quokka skeleton (D:9)
  A quokka zombie (D:5)
  7 rats
  A fungus (D:4)
321 creatures vanquished.

Vanquished Creatures (collateral kills)
  Snorg (D:10)
  2 deep elf magi (D:12)
  A centaur zombie (D:12)
  A polar bear (D:12)
  A shadow (D:11)
  A wyvern (D:11)
  3 yaks (D:10)
  A soldier ant (D:11)
  An ice beast (D:12)
  An eye of draining (D:12)
  A sky beast (D:10)
  A wolf (IceCv)
  5 centaurs
  3 jellies
  An orc wizard (D:10)
  2 iguanas
  A hell rat (D:10)
  A shadow imp (D:10)
  7 white imps (D:12)
  4 orcs (D:10)
  A rat (D:10)
40 creatures vanquished.

Vanquished Creatures (others)
  A yak (D:11)
  An orc warrior (D:11)
  A centaur (D:11)
  A hound (D:11)
  An adder (D:11)
5 creatures vanquished.

Grand Total: 366 creatures vanquished

Notes
Turn   | Place    | Note
-------+----------+-------------------------------------------
     0 | D:1      | sveltemanboy the Demonspawn Gladiator began the quest for the Orb.
     0 | D:1      | Reached XP level 1. HP: 16/16 MP: 1/1
   140 | D:1      | Reached skill level 1 in Armour
   147 | D:1      | Gained mutation: You have sharp toenails. [demonic ancestry]
   147 | D:1      | Reached XP level 2. HP: 22/22 MP: 2/2
   188 | D:1      | Reached skill level 3 in Polearms
   474 | D:1      | Gained mutation: You have razor-sharp toenails. [demonic ancestry]
   474 | D:1      | Reached XP level 3. HP: 26/27 MP: 3/3
  1328 | D:2      | Gained mutation: You sometimes gain a little power by taking damage. [demonic ancestry]
  1328 | D:2      | Reached XP level 4. HP: 29/33 MP: 4/4
  1781 | D:2      | Reached skill level 4 in Polearms
  2081 | D:3      | Gained mutation: You have claws for feet. [demonic ancestry]
  2081 | D:3      | Reached XP level 5. HP: 22/38 MP: 5/5
  2340 | D:3      | Found a faded altar of an unknown god.
  2919 | D:4      | Reached skill level 5 in Polearms
  3054 | D:4      | Reached XP level 6. HP: 44/44 MP: 6/6
  3466 | D:4      | Reached skill level 1 in Spellcasting
  3721 | D:4      | Reached skill level 6 in Polearms
  3721 | D:4      | Gained mutation: You are partially covered in thin metallic scales. (AC +2) [demonic ancestry]
  3721 | D:4      | Reached XP level 7. HP: 42/51 MP: 8/8
  4138 | D:4      | Noticed Grinder
  4146 | D:4      | Paralysed by Grinder for 3 turns
  4157 | D:4      | Killed Grinder
  4274 | D:4      | Found a runed door.
  4278 | D:4      | Noticed Crazy Yiuf
  4281 | D:4      | Killed Crazy Yiuf
  4373 | D:5      | Entered Level 5 of the Dungeon
  4373 | D:5      | Noticed Sigmund
  4381 | D:5      | Killed Sigmund
  4381 | D:5      | Reached skill level 7 in Polearms
  4417 | D:5      | Reached XP level 8. HP: 58/58 MP: 9/9
  4459 | D:5      | Reached skill level 8 in Polearms
  4748 | D:5      | Noticed Dowan
  4755 | D:5      | Noticed Duvessa
  4758 | D:5      | Killed Dowan
  4805 | D:5      | Noticed Menkaure
  4843 | D:5      | Killed Duvessa
  4946 | D:5      | Killed Menkaure
  4946 | D:5      | Reached skill level 9 in Polearms
  4951 | D:5      | Learned a level 3 spell: Regeneration
  4954 | D:5      | Learned a level 2 spell: Ensorcelled Hibernation
  4958 | D:5      | Learned a level 3 spell: Tukima's Dance
  5039 | D:5      | Reached skill level 1 in Necromancy
  5203 | D:5      | Reached skill level 1 in Charms
  5457 | D:6      | Found Dugan's Gadget Boutique.
  5558 | D:6      | Gained mutation: Your flesh is heat resistant. (rF+) [demonic ancestry]
  5558 | D:6      | Reached XP level 9. HP: 52/63 MP: 10/10
  5861 | D:7      | Reached skill level 10 in Polearms
  6132 | D:7      | Learned a level 1 spell: Animate Skeleton
  6462 | D:7      | Found a staircase to the Ecumenical Temple.
  6473 | Temple   | Entered the Ecumenical Temple
  6490 | Temple   | Became a worshipper of Ashenzari the Shackled
  6580 | D:7      | Gained mutation: Your flesh is very heat resistant. (rF++) [potion of mutation]
  6580 | D:7      | Gained mutation: Your flesh is cold resistant. (rC+) [potion of mutation]
  6580 | D:7      | Gained mutation: You occasionally shout uncontrollably at your foes. [potion of mutation]
  6617 | D:7      | Reached skill level 11 in Polearms
  7070 | D:7      | Identified a scroll of acquirement
  7071 | D:7      | Got the cursed cloak of Dyoggi {Int+4 SInv}
  7082 | D:7      | Identified the cursed +1 cloak of Dyoggi {Int+4 SInv} (You acquired it on level 7 of the Dungeon)
  7099 | D:8      | Reached skill level 5 in Necromancy
  7331 | D:8      | Reached * piety under Ashenzari
  7446 | D:8      | Reached XP level 10. HP: 66/70 MP: 11/11
  8403 | D:9      | Reached skill level 12 in Polearms
  8507 | D:9      | Reached ** piety under Ashenzari
  9086 | D:10     | Entered Level 10 of the Dungeon
  9210 | D:9      | Noticed a hill giant
  9218 | D:9      | Killed a hill giant
  9366 | D:10     | Found a staircase to the Lair.
  9407 | D:10     | Noticed a hill giant
  9419 | D:10     | Killed a hill giant
  9446 | D:10     | Reached XP level 11. HP: 49/75 MP: 12/12
  9552 | D:10     | Noticed Snorg
  9568 | D:10     | Killed Snorg
  9568 | D:10     | Reached skill level 1 in Hexes
  9603 | D:10     | Gained mutation: Your magical capacity is low. (-10% MP) [mutagenic meat]
  9604 | D:10     | Gained mutation: You are occasionally teleported next to monsters. [mutagenic meat]
  9605 | D:10     | Gained mutation: Armour fits poorly on your strangely shaped body. [mutagenic meat]
  9606 | D:10     | Gained mutation: Your body sometimes deteriorates upon taking damage. [mutagenic meat]
  9607 | D:10     | Gained mutation: Your flesh is almost immune to the effects of heat. (rF+++) [mutagenic meat]
  9764 | D:11     | Found a staircase to the Orcish Mines.
  9843 | D:11     | Noticed a hill giant
  9850 | D:11     | Killed a hill giant
  9931 | D:11     | Reached *** piety under Ashenzari
  9994 | D:11     | Noticed an unseen horror
  9998 | D:11     | Killed an unseen horror
 10187 | D:11     | Found a shimmering altar of Xom.
 10196 | D:11     | Reached skill level 13 in Polearms
 10268 | D:11     | Found a snail-covered altar of Cheibriados.
 10654 | D:11     | Noticed an unseen horror
 10657 | D:11     | Killed an unseen horror
 10717 | D:11     | Gained mutation: Your spells are a little easier to cast, but a little less powerful. [mutagenic meat]
 10718 | D:11     | Gained mutation: You are frail. (-10% HP) [mutagenic meat]
 10719 | D:11     | Gained mutation: You have a pair of small horns on your head. [mutagenic meat]
 10859 | D:12     | Noticed a deep elf mage
 10887 | D:12     | Reached skill level 5 in Hexes
 10890 | D:12     | Noticed a deep elf mage
 10892 | D:12     | Killed a deep elf mage
 10964 | D:12     | Reached XP level 12. HP: 57/72 MP: 12/12
 11086 | D:12     | Reached skill level 10 in Necromancy
 11145 | D:12     | Found a frozen archway.
 11203 | IceCv    | Entered an ice cave
 11218 | IceCv    | Reached skill level 5 in Armour
 11218 | IceCv    | Reached skill level 5 in Dodging
 11598 | IceCv    | Gained mutation: You possess an exceptional clarity of mind. [potion of beneficial mutation]
 12190 | IceCv    | Noticed a frost giant
 12197 | IceCv    | Identified the +9 battleaxe of Light {flame, rElec Str+2}
 12211 | IceCv    | Mangled by a frost giant

Vault maps used:
D:1:      tarquinn_simple_flora_water_b, st_stairs_12
D:2:      serial_forest, infiniplex_forest_zigzag_1,
          infiniplex_forest_straight_3, infiniplex_forest_lined_room_2,
          infiniplex_forest_clump_double
D:3:      ecumenical_altar_2, first_bread, minmay_misc_feat_square
D:4:      uniq_grinder, uniq_crazy_yiuf_cottage
D:5:      uniq_duvessa, uniq_menkaure, uniq_sigmund
D:6:      serial_shops, nicolae_shop_stone
D:8:      blue_anna_alchemist, grunt_ministairs_7
D:9:      serial_undead, serial_undead_f, serial_undead_a, serial_undead_b,
          serial_undead_d
D:10:     dpeg_lair_monsters, minmay_misc_feat_room, uniq_snorg
D:11:     orc_0_dummy, basic_altar, xom_confusion_cloud
D:12:     serial_ice, serial_ice_o, serial_ice_c, serial_ice_j, serial_ice_f,
          portal_ice_cave_entry_imps, uniq_nergalle
Temple:   compressed_dpeg_circular_temple
IceCv:    ice_cave_small_giant

Skill      XL: |  1  2  3  4  5  6  7  8  9 10 11 12 |
---------------+-------------------------------------+-----
Armour         | 1 2 3 4 5 |  5.6
Polearms       | 3 4 5 6 7 9 11 12 13 | 13.0
Spellcasting   | 1 |  1.0
Fighting       | 3 |  3.0
Dodging        | 3 4 5 |  5.7
Necromancy     | 1 5 7 9 10 | 10.6
Charms         | 1 4 |  4.4
Hexes          | 5 6 |  6.6
Throwing       | |  1.7

Action                   |  1- 3 |  4- 6 |  7- 9 | 10-12 || total
-------------------------+-------+-------+-------+-------++-------
Melee: Trident           |   146 |    61 |       |       ||   207
       Kick              |    18 |    28 |    62 |   166 ||   274
       Halberd           |       |    88 |   288 |   618 ||   994
       Headbutt          |       |       |       |    67 ||    67
Throw: Throwing net      |     4 |     2 |     3 |     2 ||    11
 Cast: Animate Skeleton  |       |       |       |    38 ||    38
       Regeneration      |       |       |       |     2 ||     2
Invok: Curse Item        |       |       |     2 |     1 ||     3
Evoke: Wand              |       |       |       |     4 ||     4
       Phantom mirror    |       |       |       |     1 ||     1
  Use: Potion            |     1 |     2 |     3 |     4 ||    10
       Scroll            |       |       |    17 |     4 ||    21
 Stab: Held in net/web   |       |     1 |     1 |       ||     2
       Distracted        |       |       |       |     2 ||     2
  Eat: Chunk             |     2 |     7 |    14 |    23 ||    46
       Beef jerky        |       |       |     1 |     2 ||     3
       Pizza             |       |       |     1 |       ||     1
Armor: Leather armour    |    27 |     6 |       |       ||    33
       Scale mail        |       |    34 |    34 |       ||    68
       Quicksilver drago |       |       |    71 |   183 ||   254
Dodge: Dodged            |   103 |    57 |   129 |   322 ||   611
